 Dungeon Sprint DCSS version 0.19-a0-1401-g902f63d (webtiles) character file.

398 poirepourri the Fighter (level 6, 36/52 HPs)
             Began as a Gargoyle Fighter on Sept 4, 2016.
             Quit the game in the Dungeon (Sprint V: "Ziggurat Sprint").
             The game lasted 00:02:41 (358 turns).

poirepourri the Fighter (Gargoyle Fighter)           Turns: 358, Time: 00:02:42

Health: 36/52      AC: 30    Str: 26    XL:     6   Next: 83%
Magic:  6/6        EV:  0    Int:  9    God:
Gold:   0          SH: 28    Dex: 16    Spells: 0 memorised, 5 levels left

rFire  + . .     SeeInvis .     a - +6 shillelagh "Devastator" {shatter}
rCold  + . .     Gourm    .     K - +15 Maxwell's patent armour {-Cast -Tele rElec MR+ rCorr}
rNeg   + + .     Faith    .     J - +18 shield of the Gong {rElec rN+ MR+ EV-5}
rPois  ∞         Spirit   .     (no helmet)
rElec  +         Dismiss  .     (no cloak)
rCorr  +         Reflect  .     (no gloves)
MR     ++...     Harm     .     (no boots)
Stlth  .......... NoTele   +    (no amulet) NoCast +
                                H - +6 ring of strength
                                E - +6 ring of dexterity

@: resistant
A: negative energy resistance 1, electricity resistance, unbreathing,
petrification resistance, rot immunity, AC +4
a: no special abilities


You were in the Dungeon.
You were not hungry.

You visited 1 branch

Inventory:

Hand Weapons
 a - the +6 shillelagh "Devastator" (weapon) {shatter}
   (You found it in the Dungeon)
 b - a +5 hand crossbow
Missiles
 c - 1000 bolts
Armour
 J - the +18 shield of the Gong (worn) {rElec rN+ MR+ EV-5}
   (You found it in the Dungeon)

   It affects your evasion (-5).
   It insulates you from electricity.
   It protects you from negative energy.
   It affects your resistance to hostile enchantments.
 K - the +15 Maxwell's patent armour (worn) {-Cast -Tele rElec MR+ rCorr}
   (You found it in the Dungeon)

   It insulates you from electricity.
   It affects your resistance to hostile enchantments.
   It prevents spellcasting.
   It prevents most forms of teleportation.
   It protects you from acid and corrosion.
 L - a +5 gold dragon armour
Jewellery
 D - a +6 ring of dexterity
 E - a +6 ring of dexterity (left hand)
 G - an uncursed ring of flight
 H - a +6 ring of strength (right hand)
 I - a +6 ring of strength
Wands
 y - a wand of disintegration (7/24)
 A - a wand of iceblast (5/15)
 B - a wand of lightning (5/15)
 C - a wand of acid (5/15)
Scrolls
 k - 4 scrolls of blinking
 q - 4 scrolls of amnesia
 r - 3 scrolls of recharging
 s - 7 scrolls of fog
 t - a scroll of holy word
 u - 5 scrolls of identify
 v - 5 scrolls of remove curse
 w - 2 scrolls of fear
Potions
 d - 6 potions of might
 e - 10 potions of curing
 g - 8 potions of heal wounds
 h - 6 potions of haste
 i - 7 potions of magic
 j - 3 potions of berserk rage
 l - 2 potions of brilliance
 m - 2 potions of invisibility
 n - 3 potions of resistance
 p - 5 potions of agility
Miscellaneous
 F - a disc of storms
Comestibles
 f - 5 bread rations
 x - 42 fruits
 z - 4 meat rations


   Skills:
 + Level 12.8 Fighting
 + Level 8.5 Maces & Flails
 - Level 3.2 Armour
 + Level 1.7 Dodging
 - Level 3.2 Shields


You had 5 spell levels left.
You didn't know any spells.

Dungeon Overview and Level Annotations

Branches:
Dungeon (1/1)

Altars:
Ashenzari
Cheibriados
Dithmenos
Elyvilon
Fedhas
Gozag
Hepliaklqana
Kikubaaqudgha
Makhleb
Nemelex Xobeh
Okawaru
Qazlal
Ru
Sif Muna
Trog
Uskayaw
Vehumet
Xom
Yredelemnul
Zin
The Shining One
Beogh
Jiyva
Lugonu


Innate Abilities, Weirdness & Mutations

You are resistant to torment.
Your stone body is resilient. (AC +4)
You are immune to poison.
You resist negative energy. (rN+)
You are resistant to electric shocks. (rElec)
You can survive without breathing.
You are immune to petrification.
You are immune to rotting.


Message History

GONNNNG!
You block the air elemental's attack.
GONNNNG!
The air elemental hits you but does no damage.
You closely miss the air elemental.
The air elemental is severely damaged.
You block the air elemental's attack.
SHROANNG!
You block the air elemental's attack.
SHROANNG!
You miss the air elemental.
The air elemental is severely damaged.
The air elemental hits you but does no damage. x2
You block the air elemental's attack.
GONNNNG!
You spend a moment contemplating the meaning of existence.
You block the air elemental's attack.
PANG!
The air elemental hits you but does no damage.
Are you sure you want to abandon this character and quit the game? (Confirm with "yes".)

▓▓▓▓▓▓▓▓▓▓▓▓▓
▓.8©8.▓.8©8.▓
▓.|?|.▓.....▓
▓.....▓.|.|.▓
▓..@..▓.....▓
▓...E.▓.....▓
▓.....▓.....▓
▓.....▓▓▓▓▓▓▓
▓▓▓▓▓▓▓


You could see an air elemental.

Vanquished Creatures
  2 air elementals (D)
  A phantom (D)
  A bat skeleton (D)
4 creatures vanquished.

Notes
Turn   | Place    | Note
-------+----------+-------------------------------------------
     0 | D        | poirepourri the Gargoyle Fighter began the quest for the Orb.
     0 | D        | Reached XP level 1. HP: 14/14 MP: 1/1
     0 | D        | Found a blossoming altar of Fedhas.
     1 | D        | Found a deep blue altar of Sif Muna.
     1 | D        | Found a sacrificial altar of Ru.
     1 | D        | Found a bloodstained altar of Trog.
     1 | D        | Found a stormy altar of Qazlal.
     1 | D        | Found an iron altar of Okawaru.
     1 | D        | Found a sparkling altar of Nemelex Xobeh.
     3 | D        | Found an ancient bone altar of Kikubaaqudgha.
     3 | D        | Found a viscous altar of Jiyva.
     3 | D        | Found a corrupted altar of Lugonu.
     3 | D        | Found a hazy altar of Hepliaklqana.
     3 | D        | Found a burning altar of Makhleb.
     3 | D        | Found an opulent altar of Gozag.
   180 | D        | Reached skill level 6 in Fighting
   180 | D        | Reached skill level 5 in Maces & Flails
   180 | D        | Reached XP level 2. HP: 23/23 MP: 2/2
   196 | D        | Entered arena 1.
   196 | D        | Noticed a phantom
   221 | D        | Killed a phantom
   221 | D        | Reached skill level 9 in Fighting
   221 | D        | Reached XP level 3. HP: 32/32 MP: 3/3
   221 | D        | Reached XP level 4. HP: 36/36 MP: 4/4
   323 | D        | Entered arena 2.
   323 | D        | Noticed an air elemental
   323 | D        | Noticed an air elemental
   323 | D        | Noticed an air elemental
   340 | D        | Killed an air elemental
   340 | D        | Reached skill level 11 in Fighting
   340 | D        | Reached skill level 1 in Dodging
   340 | D        | Reached XP level 5. HP: 39/45 MP: 5/5
   340 | D        | Reached XP level 6. HP: 43/50 MP: 6/6
   346 | D        | Killed an air elemental
   346 | D        | Reached skill level 12 in Fighting
   358 | D        | Quit the game

Vault maps used:
D:        sprint_v

Skill      XL: |  1  2  3  4  5  6 |
---------------+-------------------+-----
Fighting       | 6 9 11 12 | 12.8
Maces & Flails | 5 6 7 8 |  8.5
Dodging        | 1 |  1.7
Armour         | |  3.2
Shields        | |  3.2

Action                   |  1- 3 |  4- 6 || total
-------------------------+-------+-------++-------
Melee: Shillelagh        |    13 |    24 ||    37
  Use: Potion            |     1 |     3 ||     4
Armor: Plate armour      |     2 |    69 ||    71
Dodge: Dodged            |       |     3 ||     3
Block: Shield            |    12 |    97 ||   109
